 Dungeon Crawl Stone Soup version 0.28-a0-1130-gc51a68064b (webtiles) character file.

Game seed: 10642098476081732490

87 ragingrage the Charlatan (level 4, -4/27 HPs)
             Began as a Gargoyle Artificer on Dec 12, 2021.
             Slain by a white imp (5 damage)
             ... summoned by Natasha
             ... on level 3 of the Dungeon.
             The game lasted 00:02:50 (3098 turns).

ragingrage the Charlatan (Gargoyle Artificer)       Turns: 3098, Time: 00:02:51

Health: -4/27      AC:  6    Str: 15    XL:     4   Next: 51%
Magic:  4/4        EV: 11    Int: 12    God:
Gold:   56         SH:  0    Dex: 12    Spells: 2/3 levels left

rFire   . . .      SeeInvis .   a - +0 war axe
rCold   . . .      Faith    .   (no shield)
rNeg    + . .      Spirit   .   q - +0 leather armour
rPois   ∞          Reflect  .   (no helmet)
rElec   +          Harm     .   (no cloak)
rCorr   .          Rampage  .   (no gloves)
Will    .....                   (no boots)
Stlth   +.........              (no amulet)
HPRegen 0.09/turn               (no ring)
MPRegen 0.09/turn               (no ring)

@: no status effects
A: sickness immunity, AC +3, negative energy resistance 1, electricity
resistance, torment resistance 1, petrification resistance
a: no special abilities


You were on level 3 of the Dungeon.
You visited 1 branch of the dungeon, and saw 3 of its levels.

You collected 56 gold pieces.

Inventory:

Hand Weapons
 a - a +0 war axe (weapon)
 b - a +0 fustibalus
Missiles
 g - 11 poisoned darts
 i - 43 stones
Armour
 q - a +0 leather armour (worn)
Wands
 c - a wand of flame (15)
 d - a wand of charming (15)
Scrolls
 f - 3 scrolls of teleportation {unknown}
 k - a scroll of vulnerability {unknown}
 l - a scroll of amnesia {unknown}
 o - a scroll of identify {unknown}
 p - a scroll of fear {unknown}
Potions
 h - 4 potions of attraction {unknown}
 j - a potion of curing {unknown}
 m - a potion of magic {unknown}
 n - a potion of ambrosia {unknown}
Miscellaneous
 e - a piece from Xom's chessboard (15/15)


   Skills:
 - Level 2.5 Fighting
 * Level 1.7 Axes
 - Level 2.1 Armour
 - Level 0.7 Dodging
 - Level 1.1 Stealth
 + Level 3.6 Evocations


You had 2 spell levels left.
You knew the following spells:

 Your Spells              Type           Power      Damage    Failure   Level
a - Sandblast             Erth           0%         2d4       38%         1

Your spell library contained the following spells:

 Spells                   Type           Power      Damage    Failure   Level
 Animate Skeleton         Necr           0%         N/A       38%         1
 Pain                     Necr           0%         1d4       38%         1
 Slow                     Hex            0%         N/A       38%         1
 Passwall                 Tmut/Erth      0%         N/A       52%         2
 Confusing Touch          Hex            0%         N/A       77%         3
 Stone Arrow              Conj/Erth      0%         3d7       77%         3
 Vampiric Draining        Necr           0%         2d6       77%         3
 Petrify                  Tmut/Erth      0%         N/A       99%         4
 Summon Ice Beast         Ice/Summ       0%         N/A       99%         4
 Irradiate                Conj/Tmut      0%         3d13      100%        5
 Polar Vortex             Ice            0%         N/A       100%        9
 Sublimation of Blood     Necr           Unusable   N/A       N/A         2

Dungeon Overview and Level Annotations

Branches:
Dungeon (3/15)

Altars:
Elyvilon
Xom

Shops:
D:3 (

Annotations:
D:3 Natasha


Innate Abilities, Weirdness & Mutations

You are immune to sickness and miasma.
Your stone body is resilient. (AC +3)
You are immune to poison.
You resist negative energy. (rN+)
You are resistant to electric shocks. (rElec)
You are resistant to unholy torment.
You are immune to petrification.


Message History

a - a +0 war axe (weapon)
You slash Natasha!
Natasha is severely wounded.
Natasha claws you. The dart slug launches a dart at you.
The slug dart misses you.
Natasha howls an incantation.
Natasha glows brightly for a moment.
Natasha mumbles some strange words.
You closely miss Natasha.
Natasha is severely wounded.
You hit the worm.
Natasha stares at you and mumbles some strange words.
The magic dart hits you. The white imp gestures at you.
The puff of frost hits you. The worm bites you but does no damage.
You hit Natasha.
Natasha is almost dead.
You hit the worm. Natasha claws you. The dart slug launches a dart at you.
The slug dart misses you.
The slug dart hits the white imp but does no damage.
Natasha claws you. The white imp closely misses you.
You hit Natasha but do no damage.
Natasha is almost dead.
You hit the worm.
You kill the worm!
You closely miss the white imp. Natasha claws you.
* * * LOW HITPOINT WARNING * * *
The white imp misses you.
You barely miss Natasha.
Natasha is almost dead.
You hit the white imp. Natasha casts a spell at you. The magic dart hits you.
* * * LOW HITPOINT WARNING * * *
The white imp hits you.
* * * LOW HITPOINT WARNING * * *
The white imp freezes you.
You die...

#.##.#
#..)...)'...'.......##.#
#.##.#
#..†....#...#.......##.#
..##.#
##.)...##.†.##.....###.#
..##.#
##...###)..###...##...#
.))..# ##### #...#
#####.##.### ..#### #...
#...# ####.... ..######
..... #...# . #####
.......# ......#5..#....
.......# .(....h@..'(.((
.....### ...:..#...#...(
.......# .....##...##.(.
.....### #...# #.w.# #..
.....# #### ##.## ##
.....# .# ###### .. .#


You could see Natasha, a white imp (summoned) and a dart slug.

Vanquished Creatures
  A gnoll (D:3)
  An adder (D:3)
  A worm (D:3)
  6 orcs (D:3)
  4 ball pythons
  6 bats
  6 endoplasms
  2 giant cockroaches
  4 goblins
  9 hobgoblins
  2 jackals (D:2)
  4 kobolds
  A quokka (D:3)
  A frilled lizard (D:2)
  5 rats
53 creatures vanquished.

Notes
Turn   | Place    | Note
-------+----------+-------------------------------------------
     0 | D:1      | ragingrage the Gargoyle Artificer began the quest for the
                  | Orb.
     0 | D:1      | Reached XP level 1. HP: 12/12 MP: 1/1
   221 | D:1      | Found a faded altar of an unknown god.
   583 | D:1      | Reached skill level 3 in Evocations
   583 | D:1      | Reached XP level 2. HP: 17/17 MP: 2/2
   619 | D:1      | Learned a level 1 spell: Sandblast
   728 | D:1      | Got the Catalogue of the Snowflakes
  1007 | D:1      | You fall into a shaft and drop 1 floor!
  1236 | D:2      | Reached XP level 3. HP: 21/21 MP: 3/3
  2353 | D:3      | Found Mupnen's Weapon Shop.
  2380 | D:3      | Reached skill level 1 in Axes
  2503 | D:3      | Found a shimmering altar of Xom.
  2509 | D:3      | Found a white marble altar of Elyvilon.
  2672 | D:3      | Reached XP level 4. HP: 17/27 MP: 4/4
  3089 | D:3      | Noticed Natasha
  3098 | D:3      | HP: 1/27 [white imp[Natasha] (1)]
  3098 | D:3      | Slain by a white imp

Illustrated notes

Levels and vault maps discovered:
D:1:      saegor_arrival_simple_d, layout_basic,
          dreamdust_ecumenical_altar_sealed_demon
D:2:      layout_rooms, grunt_ministairs_7
D:3:      kennysheep_six_static_rooms, layout_loops_ring,
          mainiacjoe_overflow_big_doors, serial_shops,
          nicolae_shop_bloodbath_and_beyond, kennysheep_generic_room_11,
          uniq_natasha

Skill      XL: |  1  2  3 |
---------------+----------+-----
Evocations     | 3 |  3.6
Fighting       | 2 |  2.5
Axes           | 1 |  1.7
Armour         | |  2.1
Dodging        | |  0.7
Stealth        | |  1.1

Action                   |  1- 3 |  4- 6 || total
-------------------------+-------+-------++-------
Melee: Club              |    18 |       ||    18
       Spear             |    81 |       ||    81
       War axe           |    68 |    25 ||    93
 Fire: Fustibalus        |       |    10 ||    10
 Cast: Sandblast         |     5 |       ||     5
 Stab: Sleeping          |     2 |       ||     2
       Distracted        |     1 |       ||     1
Armor: Leather armour    |    75 |     9 ||    84
Dodge: Dodged            |   105 |    20 ||   125

Table legend: (Time is in decaauts)
 A = Elapsed time spent in this place.
 B = Non-inter-level travel time spent in this place.
 C = Inter-level travel time spent in this place.
 D = Time resting spent in this place.
 E = Time spent auto-exploring this place.
 F = Levels seen in this place.
 G = Mean time per level.
                   A        B        C        D        E       F      G
               +--------+--------+--------+--------+--------+-----+--------+
         Total |   3157 |   3050 |    107 |    318 |   2212 |   3 | 1052.3 |
       Dungeon |   3157 |   3050 |    107 |    318 |   2212 |   3 | 1052.3 |
               +--------+--------+--------+--------+--------+-----+--------+

Top non-repeatable levels by time:
     D:3: 1379 daAuts
     D:1: 1090 daAuts
     D:2: 688 daAuts
